 Dungeon Crawl Stone Soup version 0.29.0-13-gc9e81de378 (webtiles) character file.

Game seed: 4271877526317432002

1745 Powertoast the Fighter (level 8, 0/78 HPs)
             Began as a Minotaur Hunter on Sept 11, 2022.
             Was a Believer of Okawaru.
             Killed by divine providence
             ... invoked by an orc priest
              (7 damage)
             ... on level 6 of the Dungeon.
             The game lasted 00:18:00 (7325 turns).

Powertoast the Fighter (Minotaur Hunter)            Turns: 7325, Time: 00:18:00

Health: 0/78       AC:  8    Str: 15    XL:     8   Next: 77%
Magic:  7/7        EV: 11    Int:  6    God:    Okawaru [**....]
Gold:   340        SH:  0    Dex: 17    Spells: 7/7 levels left

rFire   . . .      SeeInvis .   b - +4 rapier (speed)
rCold   . . .      Faith    .   (no shield)
rNeg    . . .      Spirit   .   k - +0 scale mail
rPois   +          Reflect  .   (helmet restricted)
rElec   .          Harm     .   (no cloak)
rCorr   +          Rampage  .   (no gloves)
Will    .....                   x - +0 pair of boots
Stlth   ..........              (no amulet)
HPRegen 0.23/turn               i - ring of poison resistance
MPRegen 0.10/turn               p - ring of resist corrosion

@: no status effects
A: horns 2, retaliatory headbutt
a: Renounce Religion, Heroism


You were on level 6 of the Dungeon.
You worshipped Okawaru.
Okawaru was pleased with you.
You visited 1 branch of the dungeon, and saw 6 of its levels.

You collected 340 gold pieces.

Inventory:

Hand Weapons
 a - a +0 shortbow
 b - a +4 rapier of speed (weapon)
 D - a +5 spear
 E - a +0 hand axe of flaming
 G - a +2 antimagic short sword
Missiles
 t - 4 javelins
Armour
 c - a +0 leather armour
 k - a +0 scale mail (worn)
 x - a +0 pair of boots (worn)
 z - a +0 cloak
Jewellery
 i - a ring of poison resistance (left hand)
 p - a ring of resist corrosion (right hand)
 s - a ring of flight
Wands
 n - a wand of flame (24)
 w - a wand of polymorph (4)
 F - a wand of mindburst (10)
Scrolls
 g - 4 scrolls of teleportation
 h - 2 scrolls of magic mapping {unknown}
 j - a scroll of enchant weapon {unknown}
 l - 3 scrolls of amnesia
 m - a scroll of fear {unknown}
 q - a scroll of vulnerability {unknown}
 r - 3 scrolls of immolation
 y - a scroll of blinking {unknown}
 A - a scroll of butterflies {unknown}
 B - a scroll of poison {unknown}
Potions
 d - 2 potions of berserk rage
 e - 2 potions of mutation
 f - a potion of curing
 o - 2 potions of haste
 u - 3 potions of lignification
 v - a potion of degeneration {unknown}
 C - a potion of flight {unknown}


   Skills:
 + Level 9.2 Fighting
 * Level 9.0 Ranged Weapons
 - Level 4.0 Armour
 + Level 3.9 Dodging
 - Level 0.7 Stealth


You had 7 spell levels left.
You didn't know any spells.
Your spell library contained the following spells:

 Spells                   Type           Power      Damage    Failure   Level
 Necrotise                Necr           0%         1d4       88%         1
 Ensorcelled Hibernation  Hex/Ice        0%         N/A       95%         2
 Passwall                 Tmut/Erth      0%         N/A       95%         2
 Swiftness                Air            0%         N/A       99%         3
 Vampiric Draining        Necr           0%         2d6       99%         3
 Agony                    Necr           0%         N/A       100%        5


Dungeon Overview and Level Annotations

Branches:
Dungeon (6/15)
 Temple: D:4-7

Altars:
Dithmenos
Okawaru

Shops:
D:1 [


Innate Abilities, Weirdness & Mutations

You have a pair of horns on your head.
You reflexively headbutt those who attack you in melee.


Message History

The orc priest hits you with a +0 hand axe.
* * * LOW HITPOINT WARNING * * *
The gnoll bouda closely misses you.
You completely miss the orc priest.
The orc priest is severely wounded.
The orc priest completely misses you.
The gnoll bouda hits you but does no damage.
You hit the orc priest.
You kill the orc priest!
Okawaru accepts your kill.
The gnoll bouda hits you with a +0 club!
* * * LOW HITPOINT WARNING * * *
Your Ranged Weapons skill increases to level 9!
The gnoll bouda gazes fiercely through you!
You feel your attacks grow feeble.
There is an escape hatch in the floor here.
The gnoll bouda attacks as you move away!
The gnoll bouda hits you but does no damage.
There is an open gate here.
You see here a kobold corpse.
The gnoll bouda attacks as you move away!
The gnoll bouda closely misses you. You furiously retaliate!
You headbutt the gnoll bouda.
You see here a +0 falchion.
The gnoll bouda attacks as you move away!
The gnoll bouda completely misses you. You furiously retaliate!
You headbutt the gnoll bouda, but do no damage.
The gnoll bouda attacks as you move away!
The gnoll bouda closely misses you. You furiously retaliate!
You headbutt the gnoll bouda.
The orc priest calls down the wrath of Beogh upon you.
Beogh smites you!
* * * LOW HITPOINT WARNING * * *
The orc priest begins to cast a cantrip, but forgets the words!
The gnoll bouda closely misses you.
Your attacks no longer feel as feeble.
The ogre barely misses you.
The orc priest invokes the aid of Beogh against you.
Beogh smites you!
You die... ..... ..?.h. #.>.# #Kgo.. ...... #...# ♣♣♣P #goKg

##### ##)†'#PPPPP ####
###♣♣♣..P♣♣♣♣K.).♣PPP♣P
♣♣..♣♣♣.♣P♣P..PP♣PP.o...P♣P..
P♣...P♣P.P.P..P♣P♣P.K...P.P..
P(...P.P.[....P.P............
..)...............O.......###
.........##.##..@.g......##
.......########..#.......#
.......#####....#####...##
.............#### #####
.).....##...##
..........#..... .....######
#### .....# .#####


You could see an ogre, a gnoll bouda, an orc priest and 2 kobolds.

Vanquished Creatures
  Eustachio (D:5)
  A wraith (D:5)
  A water moccasin (D:5)
  A black bear (D:5)
  A sky beast (D:6)
  2 ogres (D:4)
  A kobold brigand (D:6)
  A phantom (D:3)
  A necrophage (D:5)
  A gnoll sergeant (D:5)
  2 scorpions (D:4)
  A howler monkey (D:5)
  2 jellies
  3 orc priests
  5 hounds
  Terence (D:2)
  2 iguanas (D:5)
  Robin (D:2)
  5 adders
  A shadow imp (D:5)
  A white imp (D:5)
  5 dart slugs
  16 orcs
  5 ball pythons
  8 endoplasms
  3 giant cockroaches
  11 goblins
  10 hobgoblins
  6 jackals
  14 kobolds
  6 quokkas
  6 bats
  6 frilled lizards
  7 rats
138 creatures vanquished.

Notes
Turn   | Place    | Note
-------+----------+-------------------------------------------
     0 | D:1      | Powertoast the Minotaur Hunter began the quest for the Orb.
     0 | D:1      | Reached XP level 1. HP: 18/18 MP: 0/0
    70 | D:1      | Reached XP level 2. HP: 14/25 MP: 1/1
   376 | D:1      | Reached skill level 5 in Ranged Weapons
   502 | D:1      | Reached XP level 3. HP: 29/31 MP: 2/2
   548 | D:1      | Found Apumn's Armour Emporium.
   748 | D:2      | Noticed Robin
  1189 | D:2      | Killed Robin
  1190 | D:2      | Reached XP level 4. HP: 11/39 MP: 3/3
  1465 | D:2      | Found a shadowy altar of Dithmenos.
  1823 | D:2      | Found a faded altar of an unknown god.
  1828 | D:2      | Noticed Terence
  1846 | D:2      | Killed Terence
  2354 | D:3      | Found an iron altar of Okawaru.
  2363 | D:3      | Became a worshipper of Warmaster Okawaru
  2659 | D:3      | Reached XP level 5. HP: 46/46 MP: 4/4
  3333 | D:4      | Noticed a phantom
  3334 | D:4      | Noticed an ogre
  3350 | D:3      | Killed a phantom
  3351 | D:3      | Reached skill level 5 in Fighting
  4165 | D:4      | Reached XP level 6. HP: 51/56 MP: 5/5
  4322 | D:4      | Reached * piety under Okawaru
  4500 | D:4      | Identified the +0 robe of Noughts and Crosses {Contam Harm
                  | rCorr Int+7}
  4800 | D:5      | Entered Level 5 of the Dungeon
  4860 | D:5      | Noticed Eustachio
  5086 | D:4      | Reached skill level 1 in Armour
  5086 | D:4      | Reached XP level 7. HP: 57/64 MP: 3/6
  5905 | D:5      | Noticed a wraith
  5911 | D:5      | Reached XP level 8. HP: 74/74 MP: 7/7
  6312 | D:5      | Killed Eustachio
  6312 | D:5      | Reached ** piety under Okawaru
  7325 | D:6      | Killed from afar by an orc priest

Illustrated notes

Levels and vault maps discovered:
D:1:      sevenhm_arrival_forest_fort_large_2, layout_rooms, serial_shops,
          nicolae_shop_temple_entry_statues_fountains
D:2:      layout_loops_ring, basic_altar, chequers_ecumenical_altar_island,
          uniq_terence, uniq_robin
D:3:      layout_loops_corners, okawaru_ov_weapons_minmay,
          roderic_serpentine_path, minmay_quantized
D:4:      layout_layer_cave
D:5:      kennysheep_big_flooded_room, layout_cave_pods, corexii_checkpoint_a,
          nrook_uturn, uniq_eustachio
D:6:      kennysheep_housing_project, layout_rooms,
          mainiacjoe_overflow_concentric_impassable,
          mainiacjoe_overflow_two_lobes, uniq_blork_the_orc

Skill      XL: |  1  2  3  4  5  6  7  8 |
---------------+-------------------------+-----
Fighting       | 3 4 5 6 8 9 |  9.2
Ranged Weapons | 5 6 7 9 |  9.0
Armour         | 1 3 4 |  4.0
Dodging        | 3 |  3.9
Stealth        | |  0.7

Action                   |  1- 3 |  4- 6 |  7- 9 || total
-------------------------+-------+-------+-------++-------
Melee: Spear             |       |    26 |     4 ||    30
       Headbutt          |       |     4 |    14 ||    18
       Punch             |       |     1 |     2 ||     3
       Rapier            |       |       |    59 ||    59
 Fire: Shortbow          |    90 |   196 |   128 ||   414
Invok: Heroism           |       |     1 |     2 ||     3
  Use: Scroll            |       |     8 |       ||     8
       Potion            |       |       |     1 ||     1
Armor: Leather armour    |    13 |       |       ||    13
       Scale mail        |       |    56 |    64 ||   120
Dodge: Dodged            |    74 |   102 |    88 ||   264
